 Dungeon Crawl Stone Soup version 0.30-a0-476-g330ca2eb8e (console) character file.

Game seed: 2662391611119328487

3721 jejorda2 the Impaler (level 10, -3/114 HPs)
             Began as a Merfolk Berserker on Dec 21, 2022.
             Was an Elder of Trog.
             Killed from afar by an acid dragon (8 damage)
             ... with a splash of acid
             ... on level 9 of the Dungeon.
             The game lasted 00:16:29 (7043 turns).

jejorda2 the Impaler (Merfolk Berserker)            Turns: 7043, Time: 00:16:29

Health: -3/114     AC:  8    Str: 18    XL:     10   Next: 14%
Magic:  10/10      EV: 10    Int:  7    God:    Trog [****..]
Gold:   736        SH:  0    Dex: 17    Spells: 9/9 levels left

rFire   . . .      SeeInvis .    a - +1 halberd
rCold   . . .      Faith    .    (shield currently unavailable)
rNeg    + . .      Spirit   .    H - +1 chain mail {rN+}
rPois   +          Reflect  .    l - +0 helmet
rElec   .          Harm     .    q - +0 cloak
rCorr   .          Rampage  .    (no gloves)
Will    .....                    (no boots)
Stlth   ..........               (no amulet)
HPRegen 0.39/turn                E - ring of poison resistance
MPRegen 0.12/turn                h - ring of flight

@: berserking (expiring), corroded, flying, studying Polearms, very quick
A: (nimble swimmer 2), mertail
a: Renounce Religion, Berserk, Trog's Hand, Brothers in Arms


You were on level 9 of the Dungeon.
You worshipped Trog.
Trog was greatly pleased with you.
You visited 1 branch of the dungeon, and saw 9 of its levels.
You also visited: Ossuary.

You collected 736 gold pieces.

Inventory:

Hand Weapons
 a - a +1 halberd (weapon)
 b - a +3 spear
Missiles
 e - 108 stones (quivered)
 o - 49 poisoned darts
 r - 3 atropa-tipped darts
 s - 3 boomerangs
 F - 2 throwing nets
Armour
 l - a +0 helmet (worn)
 q - a +0 cloak (worn)
 H - a +1 chain mail of positive energy (worn)
Jewellery
 g - a ring of positive energy
 h - a ring of flight (right hand)
 E - a ring of poison resistance (left hand)
Wands
 d - a wand of acid (3)
 n - a wand of paralysis (12)
 z - a wand of digging (7)
 A - a wand of flame (14)
 B - a wand of iceblast (4)
 D - a wand of mindburst (14)
Scrolls
 c - 2 scrolls of poison
 m - 5 scrolls of teleportation
 x - a scroll of fog
 y - 2 scrolls of immolation
Potions
 f - 3 potions of cancellation
 i - 6 potions of curing
 j - 5 potions of haste
 k - 3 potions of resistance
 p - 5 potions of heal wounds
 t - 2 potions of attraction {unknown}
 u - a potion of might {unknown}
 v - 2 potions of ambrosia {unknown}
 w - 3 potions of flight {unknown}
 C - a potion of berserk rage {unknown}


   Skills:
 - Level 6.0 Fighting
 + Level 18.7 Polearms
 + Level 3.8 Throwing
 + Level 3.3 Armour
 - Level 6.0 Dodging


You had 9 spell levels left.
You didn't know any spells.
Your spell library was empty.

Dungeon Overview and Level Annotations

Branches:
Dungeon (9/15)             Temple (0/1) D:7         Ossuary (visited)
   Lair: D:8-11         Orc: D:9-12

Altars:
Fedhas
Gozag
Makhleb
Okawaru
Qazlal
Sif Muna
Uskayaw
Xom
Yredelemnul


Innate Abilities, Weirdness & Mutations

((You are very nimble when in or above water. (Stealth+, EV+, Speed+++)))
Your lower body shifts to a powerful aquatic tail in water.


Message History

You are too injured to fight recklessly!
You are too injured to fight recklessly!
You are too injured to fight recklessly!
A red film seems to cover your vision as you go berserk!
You feel yourself moving faster!
You feel mighty! The acid dragon spits acid at you.
The splash of acid hits you!
* * * LOW HITPOINT WARNING * * *
You feel a strong urge to attack something.
The acid dragon bites you but does no damage.
The acid dragon claws you.
* * * LOW HITPOINT WARNING * * *
You slash the acid dragon!
The acid dragon is moderately wounded.
You hit the acid dragon.
The acid dragon is moderately wounded.
The acid dragon bites you!
* * * LOW HITPOINT WARNING * * *
The acid dragon claws you but does no damage.
You hit the acid dragon.
The acid dragon is heavily wounded.
You completely miss the acid dragon.
The acid dragon is heavily wounded.
The acid dragon bites you.
* * * LOW HITPOINT WARNING * * *
The acid dragon claws you.
* * * LOW HITPOINT WARNING * * *
You closely miss the acid dragon.
The acid dragon is heavily wounded.
You barely miss the acid dragon.
The acid dragon is heavily wounded.
The acid dragon barely misses you. The acid dragon claws you.
* * * LOW HITPOINT WARNING * * *
You hit the acid dragon.
The acid dragon is heavily wounded.
You completely miss the acid dragon.
The acid dragon is heavily wounded.
The acid dragon spits acid at you. The splash of acid hits you!
You die...

#.# #.#
#.############
#.............
#....?........
#.............
#.............
#.............
#.....@D....?.
#.............
#.............
#.............
#..........$..
#.############
#. #


You could see an acid dragon (catching breath).

Vanquished Creatures
  3 hornets
  A steam dragon (D:8)
  Menkaure (D:7)
  An acid dragon (D:8)
  3 sky beasts
  A water moccasin (D:5)
  An ice beast (D:8)
  A black bear (D:7)
  An orc warrior (D:7)
  2 ogres
  2 phantoms
  3 kobold brigands
  3 bullfrogs
  An elf zombie (Ossuary)
  3 necrophages
  A scorpion (D:5)
  4 wights (D:9)
  A gnoll sergeant (D:7)
  A howler monkey (D:6)
  An orc priest (D:7)
  Crazy Yiuf (D:2)
  2 hounds
  4 human zombies (Ossuary)
  2 jellies
  Ijyb (D:5)
  3 iguanas
  An orc wizard (D:7)
  4 mummies (Ossuary)
  16 gnolls
  2 adders
  2 white imps
  An ufetubus (D:6)
  A worm (D:4)
  4 dart slugs
  11 orcs
  7 bats
  3 endoplasms
  3 gnoll zombies (Ossuary)
  6 goblins
  6 hobgoblins
  4 jackals (D:4)
  3 quokkas
  6 ball pythons
  2 frilled lizards (D:1)
  A goblin zombie (Ossuary)
  A jackal zombie (Ossuary)
  21 kobolds
  An orc zombie (Ossuary)
  7 rats
  A rat zombie (Ossuary)
162 creatures vanquished.

Notes
Turn   | Place    | Note
-------+----------+-------------------------------------------
     0 | D:1      | jejorda2 the Merfolk Berserker began the quest for the Orb.
     0 | D:1      | Reached XP level 1. HP: 18/18 MP: 1/1
   147 | D:1      | Reached XP level 2. HP: 24/24 MP: 2/2
   780 | D:2      | Reached XP level 3. HP: 29/29 MP: 3/3
   873 | D:2      | Reached skill level 5 in Polearms
  1217 | D:2      | Found a runed translucent door.
  1218 | D:2      | Noticed Crazy Yiuf
  1227 | D:2      | Killed Crazy Yiuf
  1228 | D:2      | Reached XP level 4. HP: 37/37 MP: 4/4
  1333 | D:2      | Reached ** piety under Trog
  1831 | D:4      | Found an iron altar of Okawaru.
  1904 | D:4      | Found an opulent altar of Gozag.
  1926 | D:4      | Reached skill level 6 in Polearms
  1926 | D:4      | Reached XP level 5. HP: 23/42 MP: 5/5
  2472 | D:5      | Entered Level 5 of the Dungeon
  2514 | D:5      | Found a blossoming altar of Fedhas.
  2589 | D:5      | Found a shimmering blue altar of Sif Muna.
  2603 | D:5      | Noticed an ogre
  2617 | D:5      | Reached XP level 6. HP: 49/49 MP: 6/6
  2625 | D:5      | Reached skill level 7 in Polearms
  2625 | D:5      | Reached skill level 5 in Dodging
  2798 | D:5      | Noticed Ijyb
  2808 | D:5      | Killed Ijyb
  2830 | D:5      | Found a burning altar of Makhleb.
  2839 | D:5      | Reached skill level 5 in Fighting
  3122 | D:5      | Noticed a water moccasin
  3127 | D:5      | Killed a water moccasin
  3128 | D:5      | Reached skill level 8 in Polearms
  3128 | D:5      | Reached XP level 7. HP: 56/56 MP: 7/7
  3400 | D:6      | Found a stormy altar of Qazlal.
  3792 | D:6      | Reached *** piety under Trog
  3793 | D:6      | Reached skill level 9 in Polearms
  3828 | D:6      | Reached XP level 8. HP: 64/64 MP: 8/8
  4079 | D:6      | Reached skill level 10 in Polearms
  4470 | D:6      | Identified a scroll of acquirement
  4470 | D:6      | Acquired a manual of Polearms
  4763 | D:7      | Reached skill level 11 in Polearms
  4834 | D:7      | Found a staircase to the Ecumenical Temple.
  4834 | D:7      | Noticed Menkaure
  4843 | D:7      | Killed Menkaure
  4844 | D:7      | Reached skill level 12 in Polearms
  5033 | D:7      | Reached skill level 13 in Polearms
  5150 | D:7      | Reached skill level 14 in Polearms
  5242 | D:7      | Reached XP level 9. HP: 52/69 MP: 9/9
  5369 | D:7      | Reached skill level 15 in Polearms
  5369 | D:7      | Noticed a hornet
  5378 | D:7      | Killed a hornet
  5379 | D:7      | Reached skill level 16 in Polearms
  5388 | D:7      | Noticed a hornet
  5398 | D:7      | Killed a hornet
  5400 | D:7      | Reached skill level 17 in Polearms
  5557 | D:7      | Found a hide-covered altar of Uskayaw.
  5645 | D:8      | Found a sand-covered staircase.
  5652 | D:8      | Reached skill level 1 in Throwing
  5734 | Ossuary  | Entered an ossuary
  5764 | Ossuary  | Reached **** piety under Trog
  5925 | Ossuary  | Reached skill level 18 in Polearms
  6366 | D:8      | Found a basalt altar of Yredelemnul.
  6366 | D:8      | Found a shimmering altar of Xom.
  6417 | D:8      | Reached XP level 10. HP: 76/76 MP: 10/10
  7041 | D:9      | HP: 5/114 [acid dragon (1)]
  7043 | D:9      | Killed from afar by an acid dragon

Illustrated notes

Levels and vault maps discovered:
D:1:      lightli_arrival_flooded_house, layout_basic,
          dreamdust_princess_corridor
D:2:      layout_basic, minmay_split_cup_small, uniq_crazy_yiuf_cottage
D:3:      layout_basic, serial_glass, glass_columns_b, glass_columns_a,
          glass_columns_a, glass_columns_c, glass_columns_b, glass_columns_a,
          glass_columns_a, glass_columns_b, glass_columns_a, glass_columns_b
D:4:      layout_basic, okawaru_altar_gauntlet_db,
          mainiacjoe_overflow_cross_hatched
D:5:      layout_rooms, nicolae_overflow_hidden_temple,
          makhleb_blood_cavern_becter, mainiacjoe_overflow_catwalk, uniq_ijyb
D:6:      layout_loops_ring, general_overflow_altar, lightli_orcish_oven
D:7:      layout_basic, nicolae_uskayaw_dance_studio, temple_hall, uniq_menkaure
D:8:      layout_basic, gammafunk_temple_overflow_elements, serial_glass,
          glass_columns_a, glass_columns_a, glass_columns_a, glass_columns_a,
          glass_columns_b, glass_columns_a, nicolae_ossuary_entry_ruins
D:9:      layout_long_grid

Skill      XL: |  1  2  3  4  5  6  7  8  9 10 |
---------------+-------------------------------+-----
Dodging        | 3 4 5 6 |  6.0
Polearms       | 5 6 8 9 14 18 | 18.7
Fighting       | 4 5 6 |  6.0
Throwing       | 3 |  3.8
Armour         | 2 3 |  3.3

Action                   |  1- 3 |  4- 6 |  7- 9 | 10-12 || total
-------------------------+-------+-------+-------+-------++-------
Melee: Spear             |    94 |   118 |       |       ||   212
       Halberd           |       |    28 |   297 |    24 ||   349
Throw: Stone             |     2 |       |       |    12 ||    14
       Throwing net      |       |       |     2 |       ||     2
       Dart              |       |       |     1 |       ||     1
Invok: Berserk           |     1 |     3 |     4 |     1 ||     9
       Trog's Hand       |       |     1 |       |       ||     1
Evoke: Wand              |       |       |     5 |       ||     5
  Use: Scroll            |       |       |    21 |       ||    21
 Stab: Sleeping          |     2 |       |       |       ||     2
Armor: Animal skin       |    10 |     1 |       |       ||    11
       Chain mail        |       |    47 |    80 |     4 ||   131
Dodge: Dodged            |    39 |    53 |    74 |     3 ||   169
Block: Buckler           |       |    12 |       |       ||    12

Table legend: (Time is in decaauts)
 A = Elapsed time spent in this place.
 B = Non-inter-level travel time spent in this place.
 C = Inter-level travel time spent in this place.
 D = Time resting spent in this place.
 E = Time spent auto-exploring this place.
 F = Levels seen in this place.
 G = Mean time per level.
                   A        B        C        D        E       F      G
               +--------+--------+--------+--------+--------+-----+--------+
         Total |   7021 |   6687 |    334 |    476 |   4991 |  10 |  702.1 |
       Dungeon |   6810 |   6476 |    334 |    442 |   4907 |   9 |  756.7 |
       Ossuary |    211 |    211 |      0 |     34 |     84 |   1 |  211.0 |
               +--------+--------+--------+--------+--------+-----+--------+

Top non-repeatable levels by time:
     D:6: 1315 daAuts
     D:7: 1040 daAuts
     D:8: 880 daAuts
     D:5: 797 daAuts
     D:1: 712 daAuts
     D:2: 701 daAuts
     D:4: 695 daAuts
     D:3: 345 daAuts
     D:9: 321 daAuts
 Ossuary: 211 daAuts
